Match 42527510
Unlisted

Match 42527510
End
Panzergrenadier Squad
Selects Battlefield Espionage Battlegroup
Panzergrenadier Squad
250 Light Carrier
Panzergrenadier Squad
Construct Light Support Kompanie
Fire Support Elements
Selects Intel Disruption Beacon
Assault Mechanized Group
Selects Plunder
Pak 38 Anti-tank Gun Team
le.IG 18 Support Gun Team
2.5-tonne Medical Truck
Veteran Squad Leaders
Selects 250/3 Funkpanzerwagen
Construct Panzerarmee Kommand
Selects Anti-Tank Incendiary Munitions
Armored Reserves
Selects Firestorm
Tiger Heavy Tank
Vehicle Survival Package
Rapid Advance
Tungsten Core Ammunition
Advanced Optics
e s 0
Nashorn101
fabzepps
SnakeEyes
SgtSlaughter
BABAJAGA
0
0

Comments sign in to comment!

No comments posted yet!